 Dungeon Crawl Stone Soup version 0.19-a0-1732-g0b18a7b (webtiles) character file.

83 aronpayne the Magician (level 4, 0/24 HPs)
             Began as a Deep Elf Fire Elementalist on Sept 29, 2016.
             Killed by divine providence
             ... invoked by an orc priest
              (13 damage)
             ... on level 3 of the Dungeon on Sept 30, 2016.
             The game lasted 00:15:08 (2585 turns).

aronpayne the Magician (Deep Elf Fire Elementalist) Turns: 2585, Time: 00:15:08

Health: 0/24       AC:  2    Str:  5    XL:     4   Next: 22%
Magic:  1/12       EV: 13    Int: 21    God:
Gold:   113        SH:  0    Dex: 15    Spells: 4 memorised, 2 levels left

rFire  . . .     SeeInvis .     e - +0 dagger (freeze)
rCold  . . .     Gourm    .     a - +0 robe
rNeg   . . .     Faith    .     (no shield)
rPois  .         Spirit   .     (no helmet)
rElec  .         Dismiss  .     (no cloak)
rCorr  .         Reflect  .     (no gloves)
MR     .....     Harm     .     (no boots)
Stlth  ++........               (no amulet)
                                (no ring)
                                (no ring)

@: no status effects
A: no striking features
a: no special abilities


You were on level 3 of the Dungeon.
You were not hungry.

You visited 1 branch of the dungeon, and saw 3 of its levels.

You collected 113 gold pieces.

Inventory:

Hand Weapons
 e - a +0 dagger of freezing (weapon)
 o - a +4 short sword
Armour
 a - a +0 robe (worn)
Jewellery
 l - an uncursed ring of resist corrosion {unknown}
Scrolls
 d - a scroll of blinking
 i - 3 scrolls of remove curse
 n - a scroll of noise {unknown}
Potions
 f - a potion of lignification {unknown}
 g - a potion of beneficial mutation {unknown}
 h - a potion of magic {unknown}
 j - a potion of mutation {unknown}
 m - a potion of berserk rage {unknown}
 p - a potion of might {unknown}
Books
 b - a book of Flames

   Spells                             Type                      Level
   a - Flame Tongue                   Conjuration/Fire             1
   b - Throw Flame                    Conjuration/Fire             2
   c - Conjure Flame                  Conjuration/Fire             3
   d - Inner Flame                    Hexes/Fire                   3
   e - Sticky Flame                   Conjuration/Fire             4
   f - Fireball                       Conjuration/Fire             5
Comestibles
 c - a bread ration
 k - a chunk of flesh


   Skills:
 + Level 1.2 Short Blades
 + Level 3.0 Dodging
 + Level 3.0 Stealth
 * Level 4.2 Spellcasting
 + Level 1.9 Conjurations
 + Level 0.0 Hexes
 * Level 3.6 Fire Magic


You had 2 spell levels left.
You knew the following spells:

 Your Spells              Type           Power        Failure   Level  Hunger
a - Flame Tongue          Conj/Fire      ###..        4%          1    None
b - Throw Flame           Conj/Fire      ###...       8%          2    #......
c - Conjure Flame         Conj/Fire      ###.....     14%         3    ###....
d - Inner Flame           Hex/Fire       ##......     21%         3    ###....


Dungeon Overview and Level Annotations

Branches:
Dungeon (3/15)

Altars:


Message History

Aiming: Flame Tongue
Press: ? - help, Shift-Dir - straight line, f/p - orc
Aim: an orc (severely wounded)
The flame tongue hits the orc.
You kill the orc!
Your Dodging skill increases to level 3!
The orc priest calls down the wrath of Beogh upon you.
Beogh smites you!
Ouch! That really hurt!
Casting: Flame Tongue
Confirm with . or Enter, or press ? or * to list all spells.
Aiming: Throw Flame
Press: ? - help, Shift-Dir - straight line, f - orc priest
Aim: an orc priest, wearing a ring mail The puff of flame misses the orc priest.
The orc priest looks satisfied for a moment.
The orc priest calls down the wrath of Beogh upon you.
Beogh smites you!
Ouch! That really hurt!
You die...

#.............. #.
#................
#................
#.................
#######............
#............
#######...#........
#..................
#........@.........
#.......#.......#
#.......#.......# ....
#########.......##.......
####.......##......##
#.....†....##......#.
#..........##......#.
#........o.##......#.
#..........##........


You could see an orc priest.

Vanquished Creatures
  An adder (D:2)
  3 worms (D:2)
  2 dart slugs (D:1)
  A leopard gecko (D:1)
  4 orcs (D:3)
  5 bats
  4 giant cockroaches
  4 goblins
  8 hobgoblins
  A quokka (D:2)
  A frilled lizard (D:2)
  13 kobolds
  10 rats
57 creatures vanquished.

Notes
Turn   | Place    | Note
-------+----------+-------------------------------------------
     0 | D:1      | aronpayne the Deep Elf Fire Elementalist began the quest for the Orb.
     0 | D:1      | Reached XP level 1. HP: 10/10 MP: 6/6
    95 | D:1      | Reached XP level 2. HP: 15/15 MP: 2/8
   390 | D:1      | Learned a level 2 spell: Throw Flame
   913 | D:1      | Upgraded the game from 0.19-a0-1720-gc855d72 to 0.19-a0-1732-g0b18a7b
  1043 | D:2      | Reached XP level 3. HP: 19/19 MP: 7/10
  1223 | D:2      | Reached skill level 4 in Spellcasting
  1539 | D:2      | Reached skill level 1 in Short Blades
  2200 | D:2      | Learned a level 3 spell: Conjure Flame
  2204 | D:2      | Learned a level 3 spell: Inner Flame
  2206 | D:3      | Reached XP level 4. HP: 24/24 MP: 10/12
  2585 | D:3      | Killed from afar by an orc priest

Vault maps used:
D:1:      elethiomel_arrival_quiet, hangedman_decor_lopped

Skill      XL: |  1  2  3  4 |
---------------+-------------+-----
Spellcasting   | 4 |  4.2
Short Blades   | 1 |  1.2
Stealth        | 3 |  3.0
Dodging        | 3 |  3.0
Conjurations   | |  1.9
Fire Magic     | |  3.6

Action                   |  1- 3 |  4- 6 || total
-------------------------+-------+-------++-------
Melee: Dagger            |    22 |       ||    22
 Cast: Flame Tongue      |    53 |     4 ||    57
       Throw Flame       |    21 |    14 ||    35
       Inner Flame       |       |     2 ||     2
  Use: Scroll            |     3 |       ||     3
 Stab: Sleeping          |     1 |       ||     1
  Eat: Chunk             |     4 |     2 ||     6
Armor: Robe              |     6 |     2 ||     8
Dodge: Dodged            |    24 |     1 ||    25
